 Dungeon Crawl Stone Soup version 0.17-a0-762-gdd96e34 (webtiles) character file.

793 Espgualade the Skirmisher (level 7, 0/46 HPs)
             Began as a Tengu Ice Elementalist on Apr 23, 2015.
             Killed by divine providence
             ... invoked by an orc priest
              (12 damage)
             ... on level 5 of the Dungeon.
             The game lasted 00:14:31 (5354 turns).

Espgualade the Skirmisher (Tengu Ice Elementalist)  Turns: 5354, Time: 00:14:31

Health: 0/46       AC:  3    Str:  8    XL:     7   Next: 88%
Magic:  11/11      EV: 19    Int: 17    God:
Gold:   292        SH:  0    Dex: 17    Spells: 4 memorised, 0 levels left

rFire  + . .     SeeInvis .     d - +5 short sword (speed)
rCold  . . .     Clarity  .     a - +1 robe
rNeg   . . .     SustAb   .     (no shield)
rPois  .         Gourm    .     (helmet restricted)
rElec  .         Spirit   .     (no cloak)
rCorr  .         Warding  .     (no gloves)
rMut   .         Stasis   .     (boots unavailable)
MR     .....                    (no amulet)
Stlth  +++.......               g - ring of protection from fire
                                m - +2 ring of dexterity

@: flying quickly and evasively, drained, quick, not resistant to hostile
enchantments, fairly stealthy
A: beak, talons 3, able to fly 1
a: no special abilities


You were on level 5 of the Dungeon.
You were not hungry.

You visited 1 branch of the dungeon, and saw 5 of its levels.

You collected 292 gold pieces.

Inventory:

Hand weapons
 d - a +5 short sword of speed (weapon)
 r - a +0 hand axe of electrocution
 s - a +1 dagger of venom
Armour
 a - a +1 robe (worn)
Jewellery
 g - a ring of protection from fire (right hand)
 m - a +2 ring of dexterity (left hand)
Magical devices
 h - a wand of confusion (9)
Scrolls
 i - 2 scrolls of identify
 l - a scroll of amnesia
 n - a scroll of remove curse
Potions
 e - a potion of curing
 f - a potion of cancellation
Books
 b - a book of Frost

   Spells                             Type                      Level
   a - Freeze                         Ice                          1
   b - Throw Frost                    Conjuration/Ice              2
   c - Ozocubu's Armour               Charms/Ice                   3
   d - Throw Icicle                   Conjuration/Ice              4
   e - Summon Ice Beast               Ice/Summoning                4
   f - Condensation Shield            Ice                          4
Comestibles
 c - 2 bread rations
 j - 3 meat rations
 o - a beef jerky
 p - a slice of pizza


   Skills:
 - Level 6.1(5.7) Fighting
 + Level 5.8(5.5) Dodging
 + Level 3.6(3.3) Stealth
 - Level 2.0(1.7) Spellcasting
 - Level 1.3(1.0) Conjurations
 - Level 2.6(2.3) Ice Magic


You couldn't memorise any spells.
You knew the following spells:

 Your Spells              Type           Power        Failure   Level  Hunger
a - Freeze                Ice            #...         10%         1    ##.....
b - Throw Frost           Conj/Ice       #.....       17%         2    ###....
c - Ozocubu's Armour      Chrm/Ice       #.......     38%         3    ####...
d - Throw Icicle          Conj/Ice       #.......     89%         4    #####..


Dungeon Overview and Level Annotations

Branches:
Dungeon (5/15)
 Temple: D:4-7

Altars:
Ashenzari
Kikubaaqudgha
Okawaru
Xom


Innate Abilities, Weirdness & Mutations

You have a beak for a mouth.
You have claws for feet.
You can fly.


Message History

Something smites you!
* * * LOW HITPOINT WARNING * * *
The jackal misses you. The jackal barely misses you.
The jackal completely misses you. The jackal closely misses you.
An orc comes into view. It is wielding a flail.
The orc shouts!
The jackal misses you.
The jackal bites you but does no damage.
The jackal closely misses you. The jackal closely misses you.
The orc closely misses you.
You reach down and open the door.
The jackal bites you.
* * * LOW HITPOINT WARNING * * *
An orc comes into view.
There is an open door here.
The jackal completely misses you.
The orc priest calls down the wrath of Beogh upon you.
Something smites you!
You die...

######### #.......# #
##......o####.#####
#####.......hh.@..#... .
##...#..o.....######.####..
...o........o.'..>.........#
...#.##.......###.#.....##.
. #.#......### #.#..##.##.#
#.#.###..# #.#......h.# #..(
...... #.#...#.####
O.O.##O#.##. #.#.........
##.. #.#.##. #.#.#.#.####


You could see an orc priest, an orc and 2 jackals.

Vanquished Creatures
  2 scorpions
  A wight (D:5)
  5 crimson imps
  2 orc wizards (D:4)
  A centaur zombie (D:5)
  2 orc priests (D:3)
  A centaur skeleton (D:4)
  Natasha (thrice) (D:4)
  2 worker ants
  3 gnolls (D:3)
  9 adders
  4 giant geckos
  7 orcs
  4 giant cockroaches
  8 hobgoblins
  12 jackals
  12 kobolds
  2 quokkas
  9 bats
  6 giant newts
  8 goblins
  A quokka skeleton (D:4)
  10 rats
114 creatures vanquished.

Vanquished Creatures (others)
  A ball python (D:4)
1 creature vanquished.

Grand Total: 115 creatures vanquished

Notes
Turn   | Place    | Note
--------------------------------------------------------------
     0 | D:1      | Espgualade, the Tengu Ice Elementalist, began the quest for the Orb.
     0 | D:1      | Reached XP level 1. HP: 10/10 MP: 4/4
    84 | D:1      | Reached skill level 1 in Fighting
   117 | D:1      | Reached XP level 2. HP: 10/16 MP: 6/6
   440 | D:1      | Reached XP level 3. HP: 13/22 MP: 7/7
   828 | D:1      | Learned a level 2 spell: Throw Frost
   832 | D:1      | Learned a level 3 spell: Ozocubu's Armour
  1020 | D:2      | Reached skill level 3 in Fighting
  1270 | D:2      | Reached XP level 4. HP: 21/28 MP: 5/8
  1605 | D:3      | Found an ancient bone altar of Kikubaaqudgha.
  1730 | D:3      | Reached skill level 4 in Fighting
  1730 | D:3      | Gained mutation: You can fly. [Tengu growth]
  1730 | D:3      | Reached XP level 5. HP: 22/34 MP: 9/9
  2027 | D:3      | Found an iron altar of Okawaru.
  2618 | D:3      | Reached skill level 5 in Fighting
  3721 | D:4      | Reached XP level 6. HP: 40/40 MP: 10/10
  3745 | D:4      | Noticed Natasha
  3754 | D:4      | Killed Natasha
  3769 | D:4      | Noticed Natasha
  3776 | D:4      | Reached skill level 6 in Fighting
  3781 | D:4      | Killed Natasha
  4155 | D:4      | Found a shimmering altar of Xom.
  4196 | D:4      | Reached XP level 7. HP: 37/46 MP: 5/11
  4351 | D:4      | Found a shattered altar of Ashenzari.
  4410 | D:4      | Reached skill level 5 in Dodging
  4598 | D:4      | Noticed Natasha
  4606 | D:4      | Killed Natasha
  4664 | D:4      | Learned a level 4 spell: Throw Icicle
  4665 | D:5      | Entered Level 5 of the Dungeon
  5354 | D:5      | Killed from afar by an orc priest

Action                   |  1- 3 |  4- 6 |  7- 9 || total
-------------------------+-------+-------+-------++-------
Melee: Short sword       |    88 |   136 |    57 ||   281
 Cast: Freeze            |     8 |    49 |    22 ||    79
       Throw Frost       |       |     1 |     3 ||     4
       Ozocubu's Armour  |       |     1 |     3 ||     4
 Abil: Fly               |       |       |     1 ||     1
Evoke: Wand              |       |       |     4 ||     4
  Use: Potion            |       |     6 |     1 ||     7
       Scroll            |       |     4 |     3 ||     7
 Stab: Sleeping          |     5 |     6 |     2 ||    13
  Eat: Chunk             |     1 |     3 |       ||     4
       Bread ration      |       |     2 |       ||     2
       Meat ration       |       |       |     1 ||     1
